 Dungeon Crawl Stone Soup version 0.31.0-32-g396128a36d (webtiles) character file.

Game seed: 8620299569208706301

131 Marvel the Chopper (level 5, -13/46 HPs)
             Began as a Hill Orc Fighter on Mar 18, 2024.
             Mangled by an orc
             ... wielding a +2 war axe of distortion
              (23 damage)
             ... on level 3 of the Dungeon.
             The game lasted 00:04:04 (2196 turns).

Marvel the Chopper (Hill Orc Fighter)               Turns: 2196, Time: 00:04:04

Health: -13/46     AC:  8    Str: 21    XL:     5   Next: 14%
Magic:  4/4        EV:  9    Int:  8    God:
Gold:   201        SH:  4    Dex: 10    Spells: 4/4 levels left

rFire   . . .        a - +0 war axe
rCold   . . .        c - +0 buckler
rNeg    . . .        b - +0 scale mail
rPois   .            (no helmet)
rElec   .            (no cloak)
rCorr   .            (no gloves)
SInv    .            g - +0 pair of boots
Will    +....        (no amulet) Stlth
                     (no ring)
HPRegen 0.27/turn    (no ring)
MPRegen 0.09/turn

%: no passive effects
@: no status effects
A: low MP 1, strong-willed 1
a: no special abilities


You were on level 3 of the Dungeon.
You visited 1 branch of the dungeon, and saw 3 of its levels.

You collected 201 gold pieces.

Inventory:

Hand Weapons
 a - a +0 war axe (weapon)
Armour
 b - a +0 scale mail (worn)
 c - a +0 buckler (worn)
 g - a +0 pair of boots (worn)
Scrolls
 e - a scroll of amnesia {unknown}
 h - a scroll of immolation
 j - a scroll of enchant armour {unknown}
 l - a scroll of poison {unknown}
 m - a scroll of revelation {unknown}
 n - 2 scrolls of teleportation {unknown}
 r - a scroll of identify {unknown}
Potions
 d - a potion of might
 f - 2 potions of curing
 k - a potion of berserk rage {unknown}
 o - a potion of magic {unknown}
 p - a potion of ambrosia {unknown}
 q - a potion of brilliance {unknown}


   Skills:
 + Level 4.1 Fighting
 + Level 4.7 Axes
 + Level 4.1 Armour
 + Level 1.0 Dodging
 + Level 3.8 Shields


You had 4 spell levels left.
You didn't know any spells.
Your spell library contained the following spells:

 Spells                   Type           Power      Damage    Failure   Level
 Apportation              Tloc           0%         N/A       80%         1
 Necrotise                Necr           0%         1d4       80%         1
 Sting                    Conj/Alch      0%         1d3       80%         1
 Summon Small Mammal      Summ           0%         N/A       80%         1


Dungeon Overview and Level Annotations

Branches:
Dungeon (3/15)

Altars:


Innate Abilities, Weirdness & Mutations

Your magical capacity is low. (-10% MP)
You are strong-willed. (Will+)


Message History

You barely miss the orc. The orc barely misses you.
You completely miss the orc. The orc completely misses you.
You slash the orc!
You kill the orc!
You hit the orc.
The orc is heavily wounded.
The orc hits you but does no damage. x2; You block the orc's attack.
You hit the orc.
The orc is moderately wounded.
You completely miss the orc. You block the orc's attack.
The orc barely misses you. The orc closely misses you. The orc misses you.
You hit the orc but do no damage.
The orc is moderately wounded.
You barely miss the orc. The orc hits you but does no damage.
The orc barely misses you.
You barely miss the orc.
The orc is moderately wounded.
You hit the orc.
You kill the orc!
The orc hits you with a +2 war axe of distortion.
You blink.
An endoplasm comes into view.
The orc hits you but does no damage. Space warps around you.
The endoplasm quivers.
You hit the orc but do no damage.
The orc is moderately wounded.
The orc barely misses you.
You barely miss the orc.
The orc is moderately wounded.
The orc hits you with a +2 war axe of distortion!
Space warps horribly around you!!
* * * LOW HITPOINT WARNING * * *
You hit the orc.
The orc is almost dead.
The orc hits you with a +2 war axe of distortion.
* * * LOW HITPOINT WARNING * * *
Space warps horribly around you!!
Ouch! That really hurt!
You die...

... #.##'##.##.##...#.# ).
#... #.##.##.##.##...#.#
...#...# #.##.##.##.##...#.#
..#....##.##.##.##.########
.....................#
#.##....##.##.##.####
....###.##.##.####
#.#.###..#.##.##### #
#..).o@.........#
#..##.#.....###.#######
#.........................#
...#.#..##.##.##.##..#####.#
# #.#J.##.##.##.##..# #.#
........##.##.###.# #.# .
...o...#####.# #.# #.# #.
.#..##.# ... #.#####.#
...... #....##.#


You could see an orc and an endoplasm.

Vanquished Creatures
  3 gnolls
  3 adders (D:2)
  A ribbon worm (D:2)
  2 orcs (D:3)
  6 ball pythons
  7 endoplasms
  2 giant cockroaches
  7 goblins
  6 hobgoblins
  A jackal (D:2)
  10 kobolds
  2 quokkas
  9 bats
  7 frilled lizards
  4 rats
70 creatures vanquished.

Notes
Turn   | Place    | Note
-------+----------+-------------------------------------------
     0 | D:1      | Marvel the Hill Orc Fighter began the quest for the Orb.
     0 | D:1      | Reached XP level 1. HP: 19/19 MP: 1/1
    81 | D:1      | Reached XP level 2. HP: 27/27 MP: 2/2
   228 | D:1      | Found a faded altar of an unknown god.
   388 | D:1      | Reached XP level 3. HP: 32/33 MP: 3/3
   924 | D:2      | Reached XP level 4. HP: 40/40 MP: 4/4
  1012 | D:2      | Gained mutation: Your magical capacity is low. (-10% MP)
                  | [potion of mutation]
  1012 | D:2      | Gained mutation: You are strong-willed. (Will+) [potion of
                  | mutation]
  1350 | D:2      | Reached skill level 1 in Dodging
  1470 | D:2      | Reached XP level 5. HP: 33/46 MP: 4/4
  2196 | D:3      | Mangled by an orc

Illustrated notes

Levels and vault maps discovered:
D:1:      beargit_arrival_greenhouse, layout_basic,
          hellmonk_ecumenical_altar_blasted, minmay_strange_pillars,
          minmay_tromino_i2
D:2:      minmay_chambers_of_ones, layout_loops_ring, minmay_pentomino_pile
D:3:      layout_basic, serial_shops, nicolae_square_shop, gup_sewer_entry_bowl,
          corexii_corridor_pit

Skill      XL: |  1  2  3  4 |
---------------+-------------+-----
Fighting       | 4 |  4.1
Axes           | 3 4 |  4.7
Dodging        | 1 |  1.0
Armour         | 4 |  4.1
Shields        | |  3.8

Action                     |  1- 3 |  4- 6 || total
---------------------------+-------+-------++-------
  Melee: War axe           |   100 |    90 ||   190
    Use: Potion            |       |     3 ||     3
 Armour: Scale mail        |    97 |    72 ||   169
  Dodge: Dodged            |    54 |    46 ||   100
  Block: Buckler           |    36 |    24 ||    60
